 Dungeon Crawl Stone Soup version 0.22-a0-406-g9ff8d77 (webtiles) character file.

3075 dstrtnsr the Cleaver (level 9, -1/82 HPs)
             Began as a Deep Dwarf Fighter on May 8, 2018.
             Was an Initiate of Makhleb.
             Slain by an angel
             ... wielding a +3 whip of holy wrath
              (2 damage)
             ... on level 1 of the Abyss.
             The game lasted 00:06:53 (4755 turns).

dstrtnsr the Cleaver (Deep Dwarf Fighter)           Turns: 4755, Time: 00:06:53

Health: -1/82      AC: 15    Str: 23    XL:     9   Next: 58%
Magic:  1/1        EV:  5    Int:  9    God:    Makhleb [......]
Gold:   98         SH: 11    Dex: 12    Spells: 8/8 levels left

rFire    . . .     SeeInvis .   a - +0 war axe
rCold    . . .     Gourm    .   i - +0 shield
rNeg     + . .     Faith    .   k - +0 plate armour
rPois    .         Spirit   .   (no helmet)
rElec    .         Reflect  .   b - +0 cloak
rCorr    .         Harm     .   (no gloves)
MR       +....                  h - +0 pair of boots
Stlth    ..........             (no amulet)
HPRegen  0.00/turn              c - ring of positive energy
MPRegen  0.07/turn              (no ring)

@: non-regenerating, glowing
A: damage resistance, heal wounds, sense surroundings 2, no regeneration
a: Heal Wounds, Renounce Religion


You were on level 1 of the Abyss.
You worshipped Makhleb.
Makhleb was noncommittal.
You were not hungry.

You visited 2 branches of the dungeon, and saw 9 of its levels.
You visited the Abyss 1 time.

You collected 238 gold pieces.
You spent 140 gold pieces at shops.

Inventory:

Hand Weapons
 a - a +0 war axe (weapon)
Armour
 b - a +0 cloak (worn)
 h - a +0 pair of boots (worn)
 i - a +0 shield (worn)
 k - a +0 plate armour (worn)
Jewellery
 c - a ring of positive energy (left hand)
 x - an uncursed amulet of guardian spirit {unknown}
Wands
 d - a wand of disintegration (6)
 E - a wand of enslavement (12)
Scrolls
 g - 2 scrolls of remove curse {@r2}
 j - a scroll of teleportation {!d}
 l - a scroll of fear {unknown}
 m - 2 scrolls of magic mapping
 n - a scroll of blinking {unknown}
 p - a scroll of fog {unknown}
 u - 3 scrolls of amnesia {unknown}
 y - a scroll of identify {@r1}
Potions
 f - a potion of brilliance
 o - a potion of curing {@qq}
 q - 2 potions of resistance
 s - 2 potions of berserk rage
 t - a potion of flight
 v - a potion of haste {unknown}
Comestibles
 e - 16 rations {!d}


   Skills:
 + Level 5.9 Fighting
 * Level 9.3 Axes
 + Level 7.2 Armour
 + Level 7.2 Shields
 * Level 3.7 Invocations


You had 8 spell levels left.
You didn't know any spells.

Dungeon Overview and Level Annotations

Branches:
Dungeon (8/15)             Temple (1/1) D:7
   Lair: D:8-11

Altars:
Dithmenos
Elyvilon
Fedhas
Gozag
Hepliaklqana
Makhleb
Nemelex Xobeh
Okawaru
Ru
Sif Muna
Trog
Uskayaw
Vehumet
Xom
Yredelemnul

Shops:
D:4 %   D:6 *

Annotations:
D:6 exclusion: statue
D:8 Psyche


Innate Abilities, Weirdness & Mutations

You are resistant to damage.
You can heal yourself by infusing magical energy.
You passively map the area around you.
You do not regenerate.


Message History

Your magical essence is drained by the effort!
You feel much better.
The angel hits you with a whip of holy wrath.
You block the angel's attack.
The angel hits you with a whip of holy wrath!
The angel hits you but does no damage.
Unknown command.
You closely miss the angel.
The angel is lightly wounded.
You block the angel's attack. The angel hits you but does no damage.
You hit the angel but do no damage.
The angel is lightly wounded.
The angel hits you with a whip of holy wrath!!
You block the angel's attack. The angel hits you but does no damage.
The angel hits you with a whip of holy wrath!
* * * LOW HITPOINT WARNING * * *
You hit the angel but do no damage.
The angel is lightly wounded.
The angel hits you but does no damage. You block the angel's attack.
The angel hits you with a whip of holy wrath!
* * * LOW HITPOINT WARNING * * *
The angel barely misses you.
You hit the angel.
The angel is lightly wounded.
The angel hits you with a whip of holy wrath!
* * * LOW HITPOINT WARNING * * *
You block the angel's attack.
Unknown command.
Okay, then.
You feel much better.
The angel hits you with a whip of holy wrath!
The angel hits you but does no damage.
The angel hits you with a whip of holy wrath!
* * * LOW HITPOINT WARNING * * *
The angel barely misses you.
You fail to use your ability.
You block the angel's attack. The angel hits you but does no damage.
Your magical essence is drained by the effort!
You feel much better. You block the angel's attack.
The angel hits you but does no damage. You block the angel's attack. x2
Your magical essence is drained by the effort!
You feel much better.
The angel hits you with a whip of holy wrath!!
The angel hits you but does no damage.
Your magical essence is drained by the effort!
You feel much better.
The angel hits you with a whip of holy wrath!
You block the angel's attack. x2; The angel hits you but does no damage.
You miss the angel.
The angel is lightly wounded.
You block the angel's attack.
The angel hits you with a whip of holy wrath.
Your shield and plate armour prevent you from hitting the angel.
The angel is lightly wounded.
The angel hits you but does no damage. You block the angel's attack.
The angel hits you with a whip of holy wrath!
The angel hits you with a whip of holy wrath.
You hit the angel.
The angel is lightly wounded.
The angel hits you with a whip of holy wrath!
The angel hits you with a whip of holy wrath.
The angel hits you with a whip of holy wrath!
* * * LOW HITPOINT WARNING * * *
You block the angel's attack.
You are too injured to fight recklessly!
You are too injured to fight recklessly!
You are too injured to fight recklessly!
Unknown command.
Welcome back, dstrtnsr the Deep Dwarf Fighter.
Blood and souls for Makhleb!
Press ? for a list of commands and other information.
Quiver which item? (- for none, * to show all) (? for menu, Esc to quit)
Okay, then.
Unknown command.
Throwing (i - inventory)
r - a throwing net (quivered)
Press: ? - help, Shift-Dir - straight line, f - angel
Aim: an angel, wielding a whip of holy wrath and wearing a robe (lightly wounded, haloed)
You throw a throwing net.
The throwing net barely misses the angel.
The angel hits you with a whip of holy wrath!
* * * LOW HITPOINT WARNING * * *
The angel hits you but does no damage.
All of the chunks of flesh in your inventory have rotted away.
Unknown command.
You are too injured to fight recklessly!
You block the angel's attack. x2
The angel hits you with a whip of holy wrath!
* * * LOW HITPOINT WARNING * * *
The angel hits you with a whip of holy wrath!
* * * LOW HITPOINT WARNING * * *
The angel hits you with a whip of holy wrath.
The angel hits you but does no damage. The angel barely misses you.
The angel hits you but does no damage. The angel barely misses you.
You block the angel's attack. You block the angel's attack.
The angel barely misses you.
The angel hits you with a whip of holy wrath!
* * * LOW HITPOINT WARNING * * *
The angel hits you but does no damage. You block the angel's attack.
The angel hits you with a whip of holy wrath.
You die...

. ..#. ..
#... #.
.#.# ##
#.##.. ..
##.#..##.#
#.......#
#......#
#.#@#.. #
#.A.#.## .
. #..###
.. . #
#..###.# .
# # #. # .
. .
....#.. .
.# .
..##.#.#
.. #. #. .
# # .## #.
#..#
..#..#.#
#. # #.#.
. #.. ..


You could see an angel.

Vanquished Creatures
  Pikel (D:6)
  The ghost of dstrtnsr the Shield-Bearer, an amateur DDFi of Makhleb (D:5)
  A hippogriff (D:8)
  A spriggan (D:7)
  The ghost of dstrtnsr the Shield-Bearer, an amateur DDFi (D:4)
  A wyvern (D:8)
  2 orc warriors (D:6)
  A slave (D:6)
  An ogre (D:8)
  A big kobold (D:8)
  3 bullfrogs
  A wyvern zombie (D:6)
  2 scorpions
  A wyvern skeleton (D:6)
  2 howler monkeys
  A centaur zombie (D:5)
  A crimson imp (D:5)
  A quasit (D:8)
  A jelly (D:5)
  4 orc priests
  3 hounds
  A bullfrog skeleton (D:4)
  5 orc wizards
  4 iguanas
  3 worker ants
  A hound skeleton (D:5)
  A howler monkey zombie (D:8)
  A worker ant zombie (D:5)
  6 gnolls
  8 adders
  A river rat (D:5)
  2 shadow imps (D:8)
  2 worms (D:5)
  3 dart slugs
  5 leopard geckos
  17 orcs
  4 bats
  4 giant cockroaches
  3 goblins
  4 hobgoblins
  9 jackals
  4 quokkas
  A ball python (D:6)
  3 frilled lizards
  5 kobolds
  A leopard gecko skeleton (D:7)
  A leopard gecko zombie (D:6)
  2 rats (D:3)
132 creatures vanquished.

Vanquished Creatures (others)
  A bullfrog (D:8)
  An orc wizard (D:4)
  An orc (D:6)
3 creatures vanquished.

Grand Total: 135 creatures vanquished

Notes
Turn   | Place    | Note
-------+----------+-------------------------------------------
     0 | D:1      | dstrtnsr the Deep Dwarf Fighter began the quest for the Orb.
     0 | D:1      | Reached XP level 1. HP: 20/20 MP: 1/1
   130 | D:2      | Reached XP level 2. HP: 21/27 MP: 2/2
   267 | D:3      | Noticed a howler monkey
   273 | D:3      | Killed a howler monkey
   273 | D:3      | Reached skill level 3 in Axes
   273 | D:3      | Reached XP level 3. HP: 24/34 MP: 3/3
   410 | D:3      | Reached XP level 4. HP: 30/42 MP: 4/4
   477 | D:3      | HP: 15/42 [poisoned by a kobold]
   615 | D:3      | Found a sacrificial altar of Ru.
   672 | D:3      | Found a hide-covered altar of Uskayaw.
   745 | D:4      | Reached XP level 5. HP: 27/49 MP: 5/5
   801 | D:4      | Reached skill level 4 in Axes
   831 | D:4      | HP: 13/49 [orc priest/divine providence (11)]
   834 | D:4      | Noticed dstrtnsr's ghost (amateur DDFi)
   847 | D:4      | HP: 17/49 [orc priest/divine providence (8)]
   848 | D:4      | HP: 6/49 [orc priest/divine providence (11)]
   868 | D:4      | HP: 16/49 [dstrtnsr's ghost (8)]
   873 | D:4      | Killed dstrtnsr's ghost
   873 | D:4      | Reached skill level 5 in Axes
   873 | D:4      | Reached XP level 6. HP: 19/57 MP: 6/6
  1004 | D:4      | Found Jepecwea's Food Shop.
  1209 | D:4      | Found a sparkling altar of Nemelex Xobeh.
  1641 | D:4      | Found a hazy altar of Hepliaklqana.
  1906 | D:5      | Entered Level 5 of the Dungeon
  1974 | D:5      | Reached XP level 7. HP: 41/64 MP: 7/7
  2028 | D:5      | Reached skill level 5 in Shields
  2081 | D:5      | Reached skill level 5 in Armour
  2352 | D:5      | Noticed dstrtnsr's ghost (amateur DDFi)
  2382 | D:5      | HP: 24/64 [dstrtnsr's ghost (5)]
  2384 | D:5      | HP: 9/64 [dstrtnsr's ghost (9)]
  2395 | D:5      | Killed dstrtnsr's ghost
  2395 | D:5      | Reached skill level 6 in Axes
  2447 | D:5      | Found a glowing drain.
  2697 | D:6      | Reached XP level 8. HP: 51/73 MP: 6/6
  2753 | D:6      | Noticed Pikel
  2779 | D:6      | Killed Pikel
  2779 | D:6      | Reached skill level 5 in Fighting
  2779 | D:6      | Reached skill level 7 in Axes
  2880 | D:6      | HP: 29/74 [scorpion (4)]
  2978 | D:6      | Found an iron altar of Okawaru.
  2996 | D:6      | HP: 24/74 [orc warrior/battleaxe (5)]
  3014 | D:6      | HP: 28/74 [orc warrior/battleaxe (8)]
  3086 | D:6      | Reached skill level 8 in Axes
  3104 | D:6      | HP: 29/74 [orc wizard/trident (1)]
  3163 | D:6      | Found Qecokezuna's General Store.
  3168 | D:6      | Bought a potion of resistance for 140 gold pieces
  3212 | D:6      | Gained mutation: You passively map the area around you. [Deep Dwarf growth]
  3212 | D:6      | Reached XP level 9. HP: 56/81 MP: 7/7
  3446 | D:6      | Found a radiant altar of Vehumet.
  4036 | D:7      | Found a basalt altar of Yredelemnul.
  4129 | D:7      | Found a staircase to the Ecumenical Temple.
  4202 | Temple   | Entered the Ecumenical Temple
  4259 | Temple   | Became a worshipper of Makhleb the Destroyer
  4349 | D:8      | HP: 28/81 [wyvern (8)]
  4356 | D:8      | HP: 27/81 [wyvern (10)]
  4358 | D:8      | Reached skill level 1 in Invocations
  4386 | D:8      | HP: 28/82 [hippogriff (4)]
  4405 | D:8      | Reached skill level 9 in Axes
  4406 | D:8      | HP: 29/82 [shadow imp/nerve-wracking pain (5)]
  4434 | D:8      | HP: 26/82 [scorpion (3)]
  4528 | D:8      | Found an opulent altar of Gozag.
  4658 | D:8      | Noticed Psyche
  4679 | D:8      | Cast into level 1 of the Abyss (Psyche)
  4705 | Abyss:1  | Noticed an angel
  4723 | Abyss:1  | HP: 29/82 [angel/whip of holy wrath (18)]
  4731 | Abyss:1  | HP: 30/82 [angel/whip of holy wrath (6)]
  4739 | Abyss:1  | HP: 27/82 [angel/whip of holy wrath (17)]
  4741 | Abyss:1  | HP: 12/82 [angel/whip of holy wrath (5)]
  4749 | Abyss:1  | HP: 24/82 [angel/whip of holy wrath (12)]
  4751 | Abyss:1  | HP: 9/82 [angel/whip of holy wrath (11)]
  4751 | Abyss:1  | HP: 3/82 [angel/whip of holy wrath (6)]
  4755 | Abyss:1  | HP: 1/82 [angel/whip of holy wrath (2)]
  4755 | Abyss:1  | Slain by an angel

Vault maps used:
D:1:      giann_bridges, minivault_5, minmay_misc_feat_chi
D:2:      uniq_robin, uniq_natasha
D:3:      lemuel_zombie_altar_kikubaaqudgha, nicolae_overflow_crystal_walls,
          nicolae_ru_path_of_blood, first_ration, minmay_misc_feat_iff,
          hangedman_decor_slide_cut
D:4:      kennysheep_mini_moat, lemuel_coloured_pillars_altar, serial_shops,
          shop, serial_co_window_serial, co_window_paths_a, co_window_paths_a,
          co_window_corner_a, co_window_paths_b, co_window_paths_b,
          co_window_corner_a, co_window_corner_b, co_window_unsneaky_path_e,
          co_window_broadway_a, co_window_cross_2, glass_columns_a,
          glass_columns_b, glass_columns_c, glass_columns_a
D:5:      gup_sewer_entry_bubbles
D:6:      vehumet_statue, serial_shops, nicolae_shop_trees,
          okawaru_metal_pillars_3, uniq_pikel
D:7:      nicolae_overflow_hidden_temple, cheibrodos_ashenzari_chains,
          minmay_temple_entry_butterflies, st_stairs_3, the_bakery,
          uniq_menkaure
D:8:      slow_altar_1, basic_altar, enter_ossuary_4,
          minmay_misc_feat_four_crosses, uniq_erica, uniq_psyche
Temple:   jpeg_temple_island

Skill      XL: |  1  2  3  4  5  6  7  8  9 |
---------------+----------------------------+-----
Fighting       | 3 4 5 |  5.9
Axes           | 3 5 6 8 9 |  9.3
Armour         | 4 5 6 7 |  7.2
Shields        | 4 5 6 7 |  7.2
Invocations    | 3 |  3.7

Action                   |  1- 3 |  4- 6 |  7- 9 || total
-------------------------+-------+-------+-------++-------
Melee: War axe           |    41 |   200 |   466 ||   707
Throw: Throwing net      |       |       |     1 ||     1
 Abil: Heal Wounds       |       |     4 |    24 ||    28
Evoke: Wand              |       |       |     4 ||     4
  Use: Potion            |       |     3 |       ||     3
       Scroll            |       |     2 |     4 ||     6
  Eat: Chunk             |       |     4 |    10 ||    14
Armor: Scale mail        |    20 |       |       ||    20
       Plate armour      |       |   187 |   313 ||   500
Dodge: Dodged            |     9 |    40 |    99 ||   148
Block: Shield            |    22 |   121 |   278 ||   421

Table legend:
 A = Spawn XP
 B = Non-spawn XP
 C = Spawn XP percentage of total XP
 D = Spawn monster count
 E = Non-spawn monster count
 F = Spawn count percentage of total count
 G = Total turns spent on level
                    A         B        C        D         E        F      G
               +---------+---------+-------+---------+---------+-------+---------
         Total |       0 |    4394 |   0.0 |       0 |     132 |   0.0 |  4755
               +---------+---------+-------+---------+---------+-------+---------
           D:1 |       0 |      10 |   0.0 |       0 |       4 |   0.0 |    94
           D:2 |       0 |      20 |   0.0 |       0 |       9 |   0.0 |   173
           D:3 |       0 |     132 |   0.0 |       0 |      17 |   0.0 |   459
           D:4 |       0 |     504 |   0.0 |       0 |      27 |   0.0 |  1182
           D:5 |       0 |     672 |   0.0 |       0 |      23 |   0.0 |   814
           D:6 |       0 |    1601 |   0.0 |       0 |      27 |   0.0 |  1113
           D:7 |       0 |     270 |   0.0 |       0 |       5 |   0.0 |   381
           D:8 |       0 |    1185 |   0.0 |       0 |      20 |   0.0 |   389
               +---------+---------+-------+---------+---------+-------+---------
